RedWings vs Wild

Created - March 15 2011 at 18:11

Goals
1 2 3 T
RedWings 3 4 0 7
Wild 1 1 1 3
Shots
1 2 3 T
RedWings 14 13 11 38
Wild 9 9 8 26

Period #1

1. RedWings , Keith Yandle 15 (Brian Campbell, Zach Parise) at 6:49 (PP)
2. Wild , Milan Hejduk 26 (Martin St. Louis, Ryan Whitney) at 7:13
3. RedWings , Marty Reasoner 6 (Colin White, Curtis Glencross) at 15:33
4. RedWings , Marty Reasoner 7 (Niclas Bergfors, Brett Clark) at 18:28

Penalties :
Rob Niedermayer (MIN) for Roughing (Minor) at 2:23, Aaron Ward (MIN) for Roughing (Minor) at 5:39, Rob Niedermayer (MIN) for Tripping (Minor) at 7:34, Colin White (DET) for Delaying the game (Minor) at 19:13

Period #2

5. Wild , Joe Pavelski 37 (Milan Hejduk, Martin St. Louis) at 1:00 (PP)
6. RedWings , Ray Whitney 17 (Alexandre Burrows, Travis Zajac) at 1:08
7. RedWings , Zach Parise 30 (Brian Campbell, Ryan Getzlaf) at 5:31
8. RedWings , Travis Zajac 42 (Curtis Glencross) at 19:00
9. RedWings , Ryan Getzlaf 20 (Zach Parise, Brian Campbell) at 19:39

Penalties :
Colin White (DET) for Slashing (Minor) at 1:46, Alexandre Burrows (DET) for Tripping (Minor) at 8:20, Michal Rozsival (MIN) for Tripping (Minor) at 16:50

Period #3

10. Wild , Rob Niedermayer 12 (Kim Johnsson, Aaron Ward) at 4:24

Penalties :
Pavel Kubina (DET) for Hooking (Minor) at 4:58, Aaron Ward (MIN) for Holding (Minor) at 11:34, Joe Pavelski (MIN) for Roughing (Minor) at 15:59, Joe Callahan (DET) for Roughing (Minor) at 15:59

Goalie Stats

Craig Anderson (DET), 23 saves from 26 shots - (0.885), W, 42-23-7, 60:00 minutes
Dwayne Roloson (MIN), 18 saves from 20 shots - (0.900), 34:29 minutes
Ilya Bryzgalov (MIN), 13 saves from 18 shots - (0.722), L, 37-24-5, 25:31 minutes

Players Stats

RedWings
Player Name              G  A  P  +/- PIM S  H  SB FO    MP 
------------------------------------------------------------
Alexandre Burrows        0  1  1   1  2   3  5  0  0/1   19 
Brett Clark              0  1  1   1  0   4  0  2  0/0   20 
Brian Campbell           0  3  3   0  0   2  1  1  0/0   21 
Colin White              0  1  1   2  4   0  4  1  0/0   17 
Curtis Glencross         0  2  2   2  0   2  4  1  0/0   12 
Jamie Langenbrunner      0  0  0   0  0   1  0  0  3/4   18 
Joe Callahan             0  0  0   1  2   0  0  1  0/0   16 
Keith Yandle             1  0  1   1  0   1  0  2  0/0   22 
Kris Draper              0  0  0   2  0   0  0  0  0/0   11 
Marty Reasoner           2  0  2   3  0   4  0  0  10/23 13 
Nate Thompson            0  0  0   0  0   0  1  0  4/13  8  
Niclas Bergfors          0  1  1   3  0   2  0  0  0/0   10 
Pavel Kubina             0  0  0   1  2   2  1  1  0/0   21 
Pavol Demitra            0  0  0   0  0   0  0  0  0/0   6  
Ray Whitney              1  0  1   1  0   5  0  0  0/3   18 
Ryan Getzlaf             1  1  2   0  0   2  0  1  15/28 19 
Travis Zajac             1  1  2   2  0   4  0  0  13/21 18 
Zach Parise              1  2  3   0  0   6  0  0  1/1   21 
Wild
Player Name              G  A  P  +/- PIM S  H  SB FO    MP 
------------------------------------------------------------
Aaron Ward               0  1  1   0  4   0  1  0  0/0   17 
Alexei Ponikarovsky      0  0  0  -3  0   2  2  0  1/2   17 
Brian Willsie            0  0  0   0  0   1  0  0  1/2   19 
Chris Drury              0  0  0  -3  0   3  0  0  9/26  19 
Erik Cole                0  0  0  -3  0   2  0  1  1/3   20 
Francis Bouillon         0  0  0  -3  0   0  1  2  0/0   20 
Joe Pavelski             1  0  1  -1  2   3  3  0  19/30 20 
Kim Johnsson             0  1  1   1  0   2  0  0  0/0   19 
Mark Eaton               0  0  0  -3  0   2  0  5  0/0   21 
Martin St. Louis         0  2  2  -1  0   4  0  0  0/1   19 
Michal Rozsival          0  0  0  -2  2   1  1  3  0/0   21 
Milan Hejduk             1  1  2  -1  0   4  0  0  0/0   18 
Olli Jokinen             0  0  0   0  0   0  0  0  5/8   3  
Rob Niedermayer          1  0  1   0  4   1  2  0  12/21 16 
Robert Lang              0  0  0   0  0   0  0  0  0/0   0  
Ryan Whitney             0  1  1  -1  0   1  0  0  0/0   22 
Stephane Yelle           0  0  0   0  0   0  3  0  0/1   18 
Tim Wallace              0  0  0   0  0   0  0  0  0/0   1  

3 Stars

1 - Marty Reasoner (DET)
2 - Curtis Glencross (DET)
3 - Travis Zajac (DET)

Power Play

RedWings - 1 on 5 Attempt(s) - 20.00%
Wild - 1 on 4 Attempt(s) - 25.00%

Penalty Kill

RedWings - 3 on 4 Attempt(s) - 75.00% - Score 0 goal in Penalty Kill
Wild - 4 on 5 Attempt(s) - 80.00% - Score 0 goal in Penalty Kill

Game Notes

Dwayne Roloson enters game at 5:31 of 2nd period

Finance

Level 1 -- Attendance: 4715 (72.54%) -- Ticket Income $471,500.00
Level 2 -- Attendance: 3992 (79.84%) -- Ticket Income $239,520.00
Level 3 -- Attendance: 3236 (92.46%) -- Ticket Income $113,260.00
Level 4 -- Attendance: 2064 (100.00%) -- Ticket Income $41,280.00
Luxury Box -- Attendance: 901 (90.10%) -- Ticket Income $180,200.00
Game was played at the Xcel Energy Center
Total Attendance: 14908 (82.53%)
Total Ticket Income: $1,051,956.00
Other Income: $207,709.80
Total Income: $1,259,666.00


Play by Play

Period #1

0:01 of 1st period - Travis Zajac wins face-off versus Chris Drury in neutral zone.
0:01 of 1st period - Travis Zajac is hit by Alexei Ponikarovsky.
0:04 of 1st period - Off-side.
0:05 of 1st period - Ryan Getzlaf wins face-off versus Joe Pavelski in neutral zone.
0:52 of 1st period - Michal Rozsival is hit by Brian Campbell and loses puck.
1:05 of 1st period - Shot by Chris Drury.
1:05 of 1st period - Shot Blocked by Brian Campbell.
1:07 of 1st period - Shot by Chris Drury.
1:07 of 1st period - Stopped by Craig Anderson with a rebound.
1:09 of 1st period - Shot by Chris Drury.
1:09 of 1st period - Shot Misses the Net.
1:11 of 1st period - Shot by Chris Drury.
1:11 of 1st period - Stopped by Craig Anderson without a rebound.
1:12 of 1st period - Travis Zajac wins face-off versus Rob Niedermayer in RedWings zone.
1:20 of 1st period - Brian Willsie is hit by Colin White and loses puck.
1:28 of 1st period - Travis Zajac is hit by Aaron Ward and loses puck.
1:37 of 1st period - Shot by Alexandre Burrows.
1:37 of 1st period - Stopped by Ilya Bryzgalov without a rebound.
1:38 of 1st period - Chris Drury wins face-off versus Marty Reasoner in Wild zone.
1:51 of 1st period - Shot by Alexei Ponikarovsky.
1:51 of 1st period - Shot Blocked by Brett Clark.
1:59 of 1st period - Shot by Alexei Ponikarovsky.
1:59 of 1st period - Shot Blocked by Joe Callahan.
2:01 of 1st period - Shot by Chris Drury.
2:01 of 1st period - Deflect By Alexei Ponikarovsky.
2:01 of 1st period - Stopped by Craig Anderson without a rebound.
2:02 of 1st period - Travis Zajac wins face-off versus Rob Niedermayer in RedWings zone.
2:02 of 1st period - Travis Zajac is hit by Rob Niedermayer.
2:23 of 1st period - Minor Penalty to Rob Niedermayer for Roughing.
2:24 of 1st period - Travis Zajac wins face-off versus Erik Cole in Wild zone.
2:27 of 1st period - Shot by Brett Clark.
2:27 of 1st period - Stopped by Ilya Bryzgalov with a rebound.
2:29 of 1st period - Shot by Jamie Langenbrunner.
2:29 of 1st period - Shot Blocked by Francis Bouillon.
2:33 of 1st period - Shot by Ray Whitney.
2:33 of 1st period - Shot Misses the Net.
2:35 of 1st period - Shot by Brett Clark.
2:35 of 1st period - Stopped by Ilya Bryzgalov with a rebound.
2:37 of 1st period - Shot by Pavel Kubina.
2:37 of 1st period - Shot Hit the Post.
2:39 of 1st period - Shot by Jamie Langenbrunner.
2:39 of 1st period - Shot Misses the Net.
3:11 of 1st period - Shot by Zach Parise.
3:11 of 1st period - Stopped by Ilya Bryzgalov without a rebound.
3:12 of 1st period - Ryan Getzlaf wins face-off versus Chris Drury in Wild zone.
3:15 of 1st period - Shot by Alexandre Burrows.
3:15 of 1st period - Shot Misses the Net.
3:57 of 1st period - Shot by Pavel Kubina.
3:57 of 1st period - Shot Misses the Net.
4:15 of 1st period - Shot by Jamie Langenbrunner.
4:15 of 1st period - Deflect By Ray Whitney.
4:15 of 1st period - Shot Misses the Net.
4:34 of 1st period - Icing by Colin White.
4:35 of 1st period - Chris Drury wins face-off versus Marty Reasoner in RedWings zone.
4:38 of 1st period - Shot by Alexei Ponikarovsky.
4:38 of 1st period - Shot Blocked by Curtis Glencross.
5:07 of 1st period - Shot by Curtis Glencross.
5:07 of 1st period - Stopped by Ilya Bryzgalov without a rebound.
5:08 of 1st period - Ryan Getzlaf wins face-off versus Rob Niedermayer in Wild zone.
5:38 of 1st period - Icing by Kim Johnsson.
5:39 of 1st period - Nate Thompson wins face-off versus Stephane Yelle in Wild zone.
5:39 of 1st period - Minor Penalty to Aaron Ward for Roughing.
5:40 of 1st period - Travis Zajac wins face-off versus Chris Drury in Wild zone.
5:55 of 1st period - Shot by Alexandre Burrows.
5:55 of 1st period - Shot Blocked by Michal Rozsival.
5:59 of 1st period - Shot by Ray Whitney.
5:59 of 1st period - Shot Blocked by Mark Eaton.
6:01 of 1st period - Shot by Travis Zajac.
6:01 of 1st period - Shot Misses the Net.
6:21 of 1st period - Michal Rozsival is hit by Alexandre Burrows and loses puck.
6:31 of 1st period - Off-side.
6:32 of 1st period - Ryan Getzlaf wins face-off versus Chris Drury in neutral zone.
6:45 of 1st period - Shot by Brian Campbell.
6:45 of 1st period - Shot Misses the Net.
6:47 of 1st period - Shot by Brian Campbell.
6:47 of 1st period - Stopped by Ilya Bryzgalov with a rebound.
6:49 of 1st period - Shot by Keith Yandle.
6:49 of 1st period - Goal by Keith Yandle - RedWings : 1 - Wild : 0.
6:50 of 1st period - Joe Pavelski wins face-off versus Marty Reasoner in neutral zone.
6:55 of 1st period - Shot by Martin St. Louis.
6:55 of 1st period - Stopped by Craig Anderson without a rebound.
6:56 of 1st period - Joe Pavelski wins face-off versus Nate Thompson in RedWings zone.
6:57 of 1st period - Shot by Martin St. Louis.
6:57 of 1st period - Shot Misses the Net.
6:59 of 1st period - Shot by Milan Hejduk.
6:59 of 1st period - Stopped by Craig Anderson without a rebound.
7:00 of 1st period - Joe Pavelski wins face-off versus Ryan Getzlaf in RedWings zone.
7:11 of 1st period - Shot by Milan Hejduk.
7:11 of 1st period - Shot Misses the Net.
7:13 of 1st period - Shot by Milan Hejduk.
7:13 of 1st period - Goal by Milan Hejduk - RedWings : 1 - Wild : 1.
7:14 of 1st period - Rob Niedermayer wins face-off versus Marty Reasoner in neutral zone.
7:34 of 1st period - Minor Penalty to Rob Niedermayer for Tripping.
7:35 of 1st period - Ryan Getzlaf wins face-off versus Erik Cole in Wild zone.
7:36 of 1st period - Shot by Zach Parise.
7:36 of 1st period - Stopped by Ilya Bryzgalov without a rebound.
7:37 of 1st period - Erik Cole wins face-off versus Ryan Getzlaf in Wild zone.
8:08 of 1st period - Shot by Brian Campbell.
8:08 of 1st period - Shot Misses the Net.
10:04 of 1st period - Shot by Niclas Bergfors.
10:04 of 1st period - Stopped by Ilya Bryzgalov without a rebound.
10:05 of 1st period - Chris Drury wins face-off versus Nate Thompson in Wild zone.
10:05 of 1st period - Chris Drury is hit by Nate Thompson.
10:42 of 1st period - Icing by Francis Bouillon.
10:43 of 1st period - Chris Drury wins face-off versus Travis Zajac in Wild zone.
10:50 of 1st period - Colin White is hit by Alexei Ponikarovsky and loses puck.
11:13 of 1st period - Pavel Kubina is hit by Joe Pavelski and loses puck.
11:24 of 1st period - Shot by Milan Hejduk.
11:24 of 1st period - Shot Misses the Net.
11:44 of 1st period - Travis Zajac is hit by Stephane Yelle.
11:50 of 1st period - Pavel Kubina is hit by Stephane Yelle and loses puck.
12:27 of 1st period - Icing by Kim Johnsson.
12:28 of 1st period - Brian Willsie wins face-off versus Ryan Getzlaf in Wild zone.
13:02 of 1st period - Jamie Langenbrunner is hit by Joe Pavelski and loses puck.
13:51 of 1st period - Shot by Curtis Glencross.
13:51 of 1st period - Stopped by Ilya Bryzgalov without a rebound.
13:52 of 1st period - Nate Thompson wins face-off versus Rob Niedermayer in Wild zone.
15:17 of 1st period - Shot by Niclas Bergfors.
15:17 of 1st period - Shot Misses the Net.
15:31 of 1st period - Shot by Colin White.
15:31 of 1st period - Shot Misses the Net.
15:33 of 1st period - Shot by Marty Reasoner.
15:33 of 1st period - Goal by Marty Reasoner - RedWings : 2 - Wild : 1.
15:34 of 1st period - Travis Zajac wins face-off versus Joe Pavelski in neutral zone.
17:09 of 1st period - Icing by Brian Campbell.
17:10 of 1st period - Joe Pavelski wins face-off versus Ryan Getzlaf in RedWings zone.
17:58 of 1st period - Off-side.
17:59 of 1st period - Marty Reasoner wins face-off versus Chris Drury in neutral zone.
18:06 of 1st period - Shot by Niclas Bergfors.
18:06 of 1st period - Shot Blocked by Mark Eaton.
18:18 of 1st period - Shot by Chris Drury.
18:18 of 1st period - Shot Misses the Net.
18:24 of 1st period - Shot by Niclas Bergfors.
18:24 of 1st period - Shot Hit the Post.
18:26 of 1st period - Shot by Marty Reasoner.
18:26 of 1st period - Stopped by Ilya Bryzgalov with a rebound.
18:28 of 1st period - Shot by Marty Reasoner.
18:28 of 1st period - Goal by Marty Reasoner - RedWings : 3 - Wild : 1.
18:29 of 1st period - Chris Drury wins face-off versus Ryan Getzlaf in neutral zone.
18:50 of 1st period - Shot by Zach Parise.
18:50 of 1st period - Stopped by Ilya Bryzgalov without a rebound.
18:51 of 1st period - Rob Niedermayer wins face-off versus Travis Zajac in Wild zone.
18:51 of 1st period - Rob Niedermayer is hit by Alexandre Burrows.
18:54 of 1st period - Martin St. Louis is hit by Alexandre Burrows.
19:13 of 1st period - Minor Penalty to Colin White for Delaying the game.
19:14 of 1st period - Joe Pavelski wins face-off versus Nate Thompson in RedWings zone.
19:23 of 1st period - Shot by Michal Rozsival.
19:23 of 1st period - Stopped by Craig Anderson without a rebound.
19:24 of 1st period - Marty Reasoner wins face-off versus Olli Jokinen in RedWings zone.
19:47 of 1st period - Shot by Ryan Whitney.
19:47 of 1st period - Stopped by Craig Anderson without a rebound.
19:48 of 1st period - Joe Pavelski wins face-off versus Nate Thompson in RedWings zone.
19:53 of 1st period - Shot by Martin St. Louis.
19:53 of 1st period - Deflect By Milan Hejduk.
19:53 of 1st period - Stopped by Craig Anderson without a rebound.
19:54 of 1st period - Joe Pavelski wins face-off versus Nate Thompson in RedWings zone.

Period #2

0:01 of 2nd period - Joe Pavelski wins face-off versus Marty Reasoner in neutral zone.
0:04 of 2nd period - Shot by Ryan Whitney.
0:04 of 2nd period - Shot Misses the Net.
0:08 of 2nd period - Shot by Joe Pavelski.
0:08 of 2nd period - Stopped by Craig Anderson without a rebound.
0:09 of 2nd period - Olli Jokinen wins face-off versus Nate Thompson in RedWings zone.
0:26 of 2nd period - Shot by Kim Johnsson.
0:26 of 2nd period - Stopped by Craig Anderson without a rebound.
0:27 of 2nd period - Joe Pavelski wins face-off versus Marty Reasoner in RedWings zone.
0:32 of 2nd period - Shot by Milan Hejduk.
0:32 of 2nd period - Deflect By Joe Pavelski.
0:32 of 2nd period - Shot Misses the Net.
1:00 of 2nd period - Shot by Joe Pavelski.
1:00 of 2nd period - Goal by Joe Pavelski - RedWings : 3 - Wild : 2.
1:01 of 2nd period - Travis Zajac wins face-off versus Chris Drury in neutral zone.
1:08 of 2nd period - Shot by Ray Whitney.
1:08 of 2nd period - Goal by Ray Whitney - RedWings : 4 - Wild : 2.
1:09 of 2nd period - Zach Parise wins face-off versus Brian Willsie in neutral zone.
1:09 of 2nd period - Brian Campbell is hit by Rob Niedermayer and loses puck.
1:19 of 2nd period - Icing by Brian Campbell.
1:20 of 2nd period - Ryan Getzlaf wins face-off versus Chris Drury in RedWings zone.
1:37 of 2nd period - Shot by Zach Parise.
1:37 of 2nd period - Shot Misses the Net.
1:39 of 2nd period - Shot by Ryan Getzlaf.
1:39 of 2nd period - Shot Blocked by Mark Eaton.
1:41 of 2nd period - Shot by Ryan Getzlaf.
1:41 of 2nd period - Stopped by Ilya Bryzgalov without a rebound.
1:42 of 2nd period - Rob Niedermayer wins face-off versus Travis Zajac in Wild zone.
1:46 of 2nd period - Minor Penalty to Colin White for Slashing.
1:47 of 2nd period - Joe Pavelski wins face-off versus Marty Reasoner in RedWings zone.
2:12 of 2nd period - Shot by Joe Pavelski.
2:12 of 2nd period - Shot Blocked by Brett Clark.
2:58 of 2nd period - Shot by Kim Johnsson.
2:58 of 2nd period - Shot Blocked by Keith Yandle.
3:02 of 2nd period - Shot by Olli Jokinen.
3:02 of 2nd period - Shot Misses the Net.
3:18 of 2nd period - Shot by Kim Johnsson.
3:18 of 2nd period - Shot Misses the Net.
3:20 of 2nd period - Shot by Mark Eaton.
3:20 of 2nd period - Stopped by Craig Anderson without a rebound.
3:21 of 2nd period - Olli Jokinen wins face-off versus Marty Reasoner in RedWings zone.
3:33 of 2nd period - Shot by Olli Jokinen.
3:33 of 2nd period - Shot Misses the Net.
3:35 of 2nd period - Shot by Kim Johnsson.
3:35 of 2nd period - Stopped by Craig Anderson without a rebound.
3:36 of 2nd period - Marty Reasoner wins face-off versus Joe Pavelski in RedWings zone.
3:48 of 2nd period - Joe Pavelski is hit by Pavel Kubina and loses puck.
4:14 of 2nd period - Shot by Travis Zajac.
4:14 of 2nd period - Stopped by Ilya Bryzgalov without a rebound.
4:15 of 2nd period - Marty Reasoner wins face-off versus Chris Drury in Wild zone.
4:47 of 2nd period - Off-side.
4:48 of 2nd period - Joe Pavelski wins face-off versus Ryan Getzlaf in neutral zone.
5:19 of 2nd period - Shot by Zach Parise.
5:19 of 2nd period - Shot Blocked by Michal Rozsival.
5:23 of 2nd period - Shot by Ryan Getzlaf.
5:23 of 2nd period - Shot Misses the Net.
5:27 of 2nd period - Shot by Zach Parise.
5:27 of 2nd period - Shot Misses the Net.
5:31 of 2nd period - Shot by Zach Parise.
5:31 of 2nd period - Goal by Zach Parise - RedWings : 5 - Wild : 2.
5:31 of 2nd period - Dwayne Roloson enters game.
5:32 of 2nd period - Rob Niedermayer wins face-off versus Travis Zajac in neutral zone.
5:51 of 2nd period - Shot by Kim Johnsson.
5:51 of 2nd period - Shot Misses the Net.
6:32 of 2nd period - Shot by Nate Thompson.
6:32 of 2nd period - Deflect By Pavol Demitra.
6:32 of 2nd period - Shot Misses the Net.
6:34 of 2nd period - Shot by Joe Callahan.
6:34 of 2nd period - Shot Misses the Net.
6:36 of 2nd period - Shot by Brett Clark.
6:36 of 2nd period - Stopped by Dwayne Roloson without a rebound.
6:37 of 2nd period - Chris Drury wins face-off versus Ryan Getzlaf in Wild zone.
7:06 of 2nd period - Shot by Ryan Getzlaf.
7:06 of 2nd period - Shot Misses the Net.
7:15 of 2nd period - Icing by Mark Eaton.
7:16 of 2nd period - Marty Reasoner wins face-off versus Chris Drury in Wild zone.
7:56 of 2nd period - Shot by Martin St. Louis.
7:56 of 2nd period - Stopped by Craig Anderson with a rebound.
7:58 of 2nd period - Shot by Joe Pavelski.
7:58 of 2nd period - Stopped by Craig Anderson without a rebound.
7:59 of 2nd period - Joe Pavelski wins face-off versus Ray Whitney in RedWings zone.
8:01 of 2nd period - Martin St. Louis is hit by Colin White and loses puck.
8:20 of 2nd period - Minor Penalty to Alexandre Burrows for Tripping.
8:21 of 2nd period - Joe Pavelski wins face-off versus Nate Thompson in RedWings zone.
10:12 of 2nd period - Off-side.
10:13 of 2nd period - Olli Jokinen wins face-off versus Ryan Getzlaf in neutral zone.
10:18 of 2nd period - Shot by Kim Johnsson.
10:18 of 2nd period - Shot Blocked by Pavel Kubina.
10:20 of 2nd period - Shot by Alexei Ponikarovsky.
10:20 of 2nd period - Shot Misses the Net.
11:13 of 2nd period - Icing by Keith Yandle.
11:14 of 2nd period - Joe Pavelski wins face-off versus Ryan Getzlaf in RedWings zone.
11:25 of 2nd period - Shot by Joe Pavelski.
11:25 of 2nd period - Shot Blocked by Keith Yandle.
11:37 of 2nd period - Shot by Zach Parise.
11:37 of 2nd period - Shot Blocked by Michal Rozsival.
11:47 of 2nd period - Shot by Alexandre Burrows.
11:47 of 2nd period - Shot Misses the Net.
11:51 of 2nd period - Shot by Alexandre Burrows.
11:51 of 2nd period - Shot Misses the Net.
11:53 of 2nd period - Shot by Travis Zajac.
11:53 of 2nd period - Shot Hit the Post.
11:57 of 2nd period - Shot by Pavel Kubina.
11:57 of 2nd period - Stopped by Dwayne Roloson with a rebound.
11:59 of 2nd period - Shot by Alexandre Burrows.
11:59 of 2nd period - Shot Misses the Net.
12:03 of 2nd period - Shot by Travis Zajac.
12:03 of 2nd period - Shot Misses the Net.
12:07 of 2nd period - Shot by Alexandre Burrows.
12:07 of 2nd period - Shot Blocked by Erik Cole.
12:09 of 2nd period - Shot by Alexandre Burrows.
12:09 of 2nd period - Stopped by Dwayne Roloson without a rebound.
12:10 of 2nd period - Marty Reasoner wins face-off versus Rob Niedermayer in Wild zone.
13:40 of 2nd period - Marty Reasoner is hit by Stephane Yelle and loses puck.
13:53 of 2nd period - Shot by Milan Hejduk.
13:53 of 2nd period - Shot Misses the Net.
13:55 of 2nd period - Shot by Michal Rozsival.
13:55 of 2nd period - Deflect By Milan Hejduk.
13:55 of 2nd period - Stopped by Craig Anderson without a rebound.
13:56 of 2nd period - Rob Niedermayer wins face-off versus Ray Whitney in RedWings zone.
13:59 of 2nd period - Shot by Alexei Ponikarovsky.
13:59 of 2nd period - Shot Blocked by Colin White.
14:17 of 2nd period - Shot by Alexandre Burrows.
14:17 of 2nd period - Stopped by Dwayne Roloson without a rebound.
14:18 of 2nd period - Ryan Getzlaf wins face-off versus Joe Pavelski in Wild zone.
14:19 of 2nd period - Shot by Brian Campbell.
14:19 of 2nd period - Stopped by Dwayne Roloson without a rebound.
14:20 of 2nd period - Ryan Getzlaf wins face-off versus Joe Pavelski in Wild zone.
14:25 of 2nd period - Shot by Zach Parise.
14:25 of 2nd period - Stopped by Dwayne Roloson without a rebound.
14:26 of 2nd period - Ryan Getzlaf wins face-off versus Chris Drury in Wild zone.
14:27 of 2nd period - Shot by Zach Parise.
14:27 of 2nd period - Shot Misses the Net.
15:31 of 2nd period - Shot by Ray Whitney.
15:31 of 2nd period - Stopped by Dwayne Roloson without a rebound.
15:32 of 2nd period - Rob Niedermayer wins face-off versus Ray Whitney in Wild zone.
15:45 of 2nd period - Icing by Rob Niedermayer.
15:46 of 2nd period - Rob Niedermayer wins face-off versus Travis Zajac in Wild zone.
16:23 of 2nd period - Shot by Erik Cole.
16:23 of 2nd period - Stopped by Craig Anderson without a rebound.
16:24 of 2nd period - Joe Pavelski wins face-off versus Ryan Getzlaf in RedWings zone.
16:50 of 2nd period - Minor Penalty to Michal Rozsival for Tripping.
16:51 of 2nd period - Chris Drury wins face-off versus Travis Zajac in Wild zone.
18:55 of 2nd period - Michal Rozsival is hit by Curtis Glencross and loses puck.
19:00 of 2nd period - Shot by Travis Zajac.
19:00 of 2nd period - Goal by Travis Zajac - RedWings : 6 - Wild : 2.
19:01 of 2nd period - Joe Pavelski wins face-off versus Marty Reasoner in neutral zone.
19:06 of 2nd period - Shot by Martin St. Louis.
19:06 of 2nd period - Shot Misses the Net.
19:20 of 2nd period - Off-side.
19:21 of 2nd period - Ryan Getzlaf wins face-off versus Chris Drury in neutral zone.
19:39 of 2nd period - Shot by Ryan Getzlaf.
19:39 of 2nd period - Goal by Ryan Getzlaf - RedWings : 7 - Wild : 2.
19:40 of 2nd period - Rob Niedermayer wins face-off versus Travis Zajac in neutral zone.
19:40 of 2nd period - Kim Johnsson is hit by Alexandre Burrows.
19:49 of 2nd period - Brian Willsie is hit by Colin White and loses puck.

Period #3

0:01 of 3rd period - Travis Zajac wins face-off versus Chris Drury in neutral zone.
0:06 of 3rd period - Shot by Ray Whitney.
0:06 of 3rd period - Stopped by Dwayne Roloson without a rebound.
0:07 of 3rd period - Joe Pavelski wins face-off versus Ryan Getzlaf in Wild zone.
0:27 of 3rd period - Off-side.
0:28 of 3rd period - Travis Zajac wins face-off versus Chris Drury in neutral zone.
1:01 of 3rd period - Shot by Travis Zajac.
1:01 of 3rd period - Stopped by Dwayne Roloson without a rebound.
1:02 of 3rd period - Rob Niedermayer wins face-off versus Jamie Langenbrunner in Wild zone.
1:37 of 3rd period - Shot by Jamie Langenbrunner.
1:37 of 3rd period - Shot Misses the Net.
1:39 of 3rd period - Shot by Zach Parise.
1:39 of 3rd period - Stopped by Dwayne Roloson without a rebound.
1:40 of 3rd period - Joe Pavelski wins face-off versus Marty Reasoner in Wild zone.
1:40 of 3rd period - Joe Pavelski is hit by Curtis Glencross.
2:04 of 3rd period - Shot by Milan Hejduk.
2:04 of 3rd period - Shot Misses the Net.
3:41 of 3rd period - Zach Parise is hit by Francis Bouillon and loses puck.
3:50 of 3rd period - Shot by Chris Drury.
3:50 of 3rd period - Shot Misses the Net.
3:54 of 3rd period - Shot by Alexei Ponikarovsky.
3:54 of 3rd period - Shot Hit the Post.
4:24 of 3rd period - Shot by Rob Niedermayer.
4:24 of 3rd period - Goal by Rob Niedermayer - RedWings : 7 - Wild : 3.
4:25 of 3rd period - Marty Reasoner wins face-off versus Rob Niedermayer in neutral zone.
4:41 of 3rd period - Shot by Niclas Bergfors.
4:41 of 3rd period - Stopped by Dwayne Roloson without a rebound.
4:42 of 3rd period - Travis Zajac wins face-off versus Chris Drury in Wild zone.
4:54 of 3rd period - Erik Cole is hit by Colin White and loses puck.
4:58 of 3rd period - Minor Penalty to Pavel Kubina for Hooking.
4:59 of 3rd period - Olli Jokinen wins face-off versus Marty Reasoner in RedWings zone.
5:47 of 3rd period - Off-side.
5:48 of 3rd period - Joe Pavelski wins face-off versus Nate Thompson in neutral zone.
6:30 of 3rd period - Icing by Francis Bouillon.
6:31 of 3rd period - Marty Reasoner wins face-off versus Olli Jokinen in Wild zone.
6:37 of 3rd period - Icing by Kim Johnsson.
6:38 of 3rd period - Marty Reasoner wins face-off versus Olli Jokinen in Wild zone.
6:42 of 3rd period - Icing by Francis Bouillon.
6:43 of 3rd period - Olli Jokinen wins face-off versus Nate Thompson in Wild zone.
7:18 of 3rd period - Shot by Ray Whitney.
7:18 of 3rd period - Stopped by Dwayne Roloson without a rebound.
7:19 of 3rd period - Chris Drury wins face-off versus Marty Reasoner in Wild zone.
7:26 of 3rd period - Shot by Erik Cole.
7:26 of 3rd period - Deflect By Martin St. Louis.
7:26 of 3rd period - Stopped by Craig Anderson with a rebound.
7:28 of 3rd period - Shot by Chris Drury.
7:28 of 3rd period - Stopped by Craig Anderson without a rebound.
7:29 of 3rd period - Nate Thompson wins face-off versus Joe Pavelski in RedWings zone.
7:36 of 3rd period - Shot by Brett Clark.
7:36 of 3rd period - Stopped by Dwayne Roloson without a rebound.
7:37 of 3rd period - Jamie Langenbrunner wins face-off versus Rob Niedermayer in Wild zone.
8:18 of 3rd period - Icing by Brian Campbell.
8:19 of 3rd period - Ryan Getzlaf wins face-off versus Joe Pavelski in RedWings zone.
8:19 of 3rd period - Zach Parise is hit by Joe Pavelski and loses puck.
8:57 of 3rd period - Shot by Niclas Bergfors.
8:57 of 3rd period - Deflect By Marty Reasoner.
8:57 of 3rd period - Stopped by Dwayne Roloson without a rebound.
8:58 of 3rd period - Travis Zajac wins face-off versus Chris Drury in Wild zone.
10:19 of 3rd period - Icing by Nate Thompson.
10:20 of 3rd period - Nate Thompson wins face-off versus Rob Niedermayer in RedWings zone.
10:44 of 3rd period - Shot by Brian Willsie.
10:44 of 3rd period - Stopped by Craig Anderson without a rebound.
10:45 of 3rd period - Ryan Getzlaf wins face-off versus Joe Pavelski in RedWings zone.
10:47 of 3rd period - Icing by Zach Parise.
10:48 of 3rd period - Ryan Getzlaf wins face-off versus Joe Pavelski in RedWings zone.
11:08 of 3rd period - Icing by Keith Yandle.
11:09 of 3rd period - Rob Niedermayer wins face-off versus Ryan Getzlaf in RedWings zone.
11:34 of 3rd period - Minor Penalty to Aaron Ward for Holding.
11:35 of 3rd period - Jamie Langenbrunner wins face-off versus Rob Niedermayer in Wild zone.
11:36 of 3rd period - Shot by Pavel Kubina.
11:36 of 3rd period - Shot Blocked by Francis Bouillon.
11:38 of 3rd period - Shot by Travis Zajac.
11:38 of 3rd period - Shot Misses the Net.
11:40 of 3rd period - Shot by Jamie Langenbrunner.
11:40 of 3rd period - Shot Misses the Net.
11:42 of 3rd period - Shot by Pavel Kubina.
11:42 of 3rd period - Shot Misses the Net.
11:44 of 3rd period - Shot by Brett Clark.
11:44 of 3rd period - Shot Misses the Net.
11:46 of 3rd period - Shot by Brett Clark.
11:46 of 3rd period - Shot Misses the Net.
11:50 of 3rd period - Shot by Ray Whitney.
11:50 of 3rd period - Stopped by Dwayne Roloson without a rebound.
11:51 of 3rd period - Chris Drury wins face-off versus Ryan Getzlaf in Wild zone.
12:04 of 3rd period - Mark Eaton is hit by Alexandre Burrows.
12:46 of 3rd period - Shot by Jamie Langenbrunner.
12:46 of 3rd period - Shot Misses the Net.
12:50 of 3rd period - Shot by Ray Whitney.
12:50 of 3rd period - Shot Misses the Net.
12:52 of 3rd period - Shot by Pavel Kubina.
12:52 of 3rd period - Shot Blocked by Mark Eaton.
12:54 of 3rd period - Shot by Ray Whitney.
12:54 of 3rd period - Deflect By Travis Zajac.
12:54 of 3rd period - Stopped by Dwayne Roloson without a rebound.
12:55 of 3rd period - Rob Niedermayer wins face-off versus Travis Zajac in Wild zone.
12:55 of 3rd period - Rob Niedermayer is hit by Curtis Glencross.
15:45 of 3rd period - Off-side.
15:46 of 3rd period - Marty Reasoner wins face-off versus Joe Pavelski in neutral zone.
15:49 of 3rd period - Ryan Whitney is hit by Curtis Glencross and loses puck.
15:59 of 3rd period - Minor Penalty to Joe Pavelski for Roughing.
15:59 of 3rd period - Minor Penalty to Joe Callahan for Roughing.
16:00 of 3rd period - Travis Zajac wins face-off versus Martin St. Louis in RedWings zone.
16:13 of 3rd period - Shot by Travis Zajac.
16:13 of 3rd period - Shot Blocked by Mark Eaton.
17:20 of 3rd period - Shot by Jamie Langenbrunner.
17:20 of 3rd period - Stopped by Dwayne Roloson without a rebound.
17:21 of 3rd period - Alexei Ponikarovsky wins face-off versus Alexandre Burrows in Wild zone.
17:28 of 3rd period - Shot by Erik Cole.
17:28 of 3rd period - Stopped by Craig Anderson without a rebound.
17:29 of 3rd period - Ryan Getzlaf wins face-off versus Alexei Ponikarovsky in RedWings zone.
17:40 of 3rd period - Shot by Mark Eaton.
17:40 of 3rd period - Stopped by Craig Anderson with a rebound.
17:44 of 3rd period - Shot by Alexei Ponikarovsky.
17:44 of 3rd period - Stopped by Craig Anderson with a rebound.
17:53 of 3rd period - Off-side.
17:54 of 3rd period - Jamie Langenbrunner wins face-off versus Chris Drury in neutral zone.
18:46 of 3rd period - Off-side.
18:47 of 3rd period - Ryan Getzlaf wins face-off versus Joe Pavelski in neutral zone.
19:00 of 3rd period - Brian Campbell is hit by Michal Rozsival and loses puck.
19:05 of 3rd period - Shot by Milan Hejduk.
19:05 of 3rd period - Shot Misses the Net.
19:07 of 3rd period - Shot by Ryan Whitney.
19:07 of 3rd period - Shot Misses the Net.
19:11 of 3rd period - Shot by Martin St. Louis.
19:11 of 3rd period - Shot Blocked by Ryan Getzlaf.
19:13 of 3rd period - Shot by Martin St. Louis.
19:13 of 3rd period - Stopped by Craig Anderson without a rebound.
19:14 of 3rd period - Travis Zajac wins face-off versus Chris Drury in RedWings zone.
19:39 of 3rd period - Shot by Travis Zajac.
19:39 of 3rd period - Deflect By Alexandre Burrows.
19:39 of 3rd period - Shot Misses the Net.
19:41 of 3rd period - Shot by Pavel Kubina.
19:41 of 3rd period - Stopped by Dwayne Roloson without a rebound.
19:42 of 3rd period - Rob Niedermayer wins face-off versus Marty Reasoner in Wild zone.


Output by the SimonT Hockey Simulator (STHS) for Stephane Roy -- Original Page W3C XHTML 1.0 Valid